 Dungeon Crawl Stone Soup version 0.25-a0-668-gea548f19b6 (webtiles) character file.

Game seed: 5249172884425539638, levelgen mode: deterministic

65 sanka the Scratcher (level 3, -1/17 HPs)
             Began as a Felid Wanderer on Mar 28, 2020.
             Slain by an adder (5 damage)
             ... on level 2 of the Dungeon.
             The game lasted 00:04:47 (2147 turns).

sanka the Scratcher (Felid Wanderer)                Turns: 2147, Time: 00:04:47

Health: -1/17      AC:  1    Str:  7    XL:     3   Next: 94%
Magic:  5/5        EV: 18    Int: 15    God:
Gold:   81         SH:  0    Dex: 15    Spells: 4/4 levels left
                                        Lives:  0   Deaths: 0

rFire    . . .     SeeInvis +     - Unarmed
rCold    . . .     Gourm    .   (shield unavailable)
rNeg     . . .     Faith    .   (armour unavailable)
rPois    .         Spirit   .   (helmet unavailable)
rElec    .         Reflect  .   (cloak unavailable)
rCorr    .         Harm     .   (gloves unavailable)
MR       .....                  (boots unavailable)
Stlth    ++........             (no amulet)
HPRegen  0.05/turn              (no ring)
MPRegen  0.09/turn              (no ring)

@: lethally poisoned (-1 -> -10), quick
A: very small, no armour, no weapons or thrown items, stealth, claws 1, fangs 3,
see invisible, carnivore, speed 1, shaggy fur 1, slow metabolism 1, sharp paws
a: no special abilities


You were on level 2 of the Dungeon.
You were completely stuffed.

You visited 1 branch of the dungeon, and saw 2 of its levels.

You collected 81 gold pieces.


Innate Abilities, Weirdness & Mutations

You cannot wear armour.
You are incapable of wielding weapons or throwing items.
Your paws allow you to move quietly. (Stealth)
You have sharp claws.
You have razor-sharp teeth.
You have supernaturally acute eyesight. (SInv)
You are carnivorous and can eat meat at any time.
You cover ground quickly.
You are covered in fur. (AC +1)
You have a slow metabolism.
Your sharp claws are effective at attacking unaware monsters.


   Skills:
 - Level 3.0 Fighting
 - Level 2.6 Dodging
 - Level 1.3 Stealth
 + Level 3.6 Unarmed Combat
 - Level 1.0 Spellcasting
   Level 1.7 Poison Magic
   Level 1.1 Evocations


You had 4 spell levels left.
You didn't know any spells.
Your spell library was empty.

Inventory:

Scrolls
 b - 2 scrolls of teleportation {@r4}
 d - 4 scrolls of identify {unknown}
 f - a scroll of immolation {unknown}
 g - a scroll of fear {unknown}
 h - a scroll of remove curse {unknown}
 i - a scroll of enchant weapon {unknown}
Potions
 a - 2 potions of curing {@q1}
 e - a potion of magic {unknown}
 j - a potion of brilliance {unknown}
Comestibles
 c - 7 rations
 k - a chunk of flesh

Dungeon Overview and Level Annotations

Branches:
Dungeon (2/15)

Altars:

▒...........▒▒▒▒.).▒ ▒...
▒..........▒▒▒...▒.▒▒▒▒..▒
▒..........▒▒▒.▒▒▒......▒ .
▒..............▒▒▒......▒▒▒▒▒..
▒.....<....▒..................
▒..........<.▒▒▒▒▒.▒▒▒▒.......
▒▒▒▒▒...▒.▒▒▒▒ ▒▒.▒▒....▒ ▒▒▒
▒..▒▒.▒▒▒▒▒▒▒.....▒.▒▒ =.▒
▒..▒▒.▒▒...Sh...▒▒▒S▒
▒.▒▒▒.....▒▒......▒▒▒▒▒†▒
▒..▒▒..▒▒▒▒▒......▒ ▒..▒
▒▒.▒▒▒.▒ ▒....<.▒▒...▒>.▒
▒.....▒ ▒......▒▒.....▒▒
▒▒▒▒▒▒▒ ▒▒▒▒▒▒▒▒▒..▒▒▒▒ ▒▒▒


You could see an adder.


Message History

The adder is almost dead.
The adder bites you.
* * * LOW HITPOINT WARNING * * *
You are lethally poisoned!
The adder poisons you! The adder closely misses you.
Unknown command.
You barely miss the adder.
The adder is almost dead.
* * * LOW HITPOINT WARNING * * *
You feel sick. The adder completely misses you.
Unknown command.
Unknown command.
You closely miss the adder.
The adder is almost dead.
The adder misses you.
Unknown command.
Unknown command.
You closely miss the adder.
The adder is almost dead.
* * * LOW HITPOINT WARNING * * *
You feel sick. The adder bites you.
* * * LOW HITPOINT WARNING * * *
Unknown command.
You barely miss the adder.
The adder is almost dead.
The adder bites you.
You die...

Action                   || total
-------------------------++-------
Melee: Unarmed           ||   191
       Bite              ||    14
  Eat: Chunk             ||    10
Armor: Skin              ||     8
Dodge: Dodged            ||   207

Levels and vault maps discovered:
D:1:      dpeg_arrival_windows_large_door, layout_rooms
D:2:      layout_rooms

Notes
Turn   | Place    | Note
-------+----------+-------------------------------------------
     0 | D:1      | sanka the Felid Wanderer began the quest for the Orb.
     0 | D:1      | sanka set off with the following items: a potion of curing
                  | {@q1}, a scroll of teleportation {@r4}, a ration
     0 | D:1      | Reached XP level 1. HP: 10/10 MP: 3/3
   103 | D:1      | HP: 1/10 [kobold (3)]
   105 | D:1      | Reached skill level 1 in Unarmed Combat
   216 | D:2      | HP: 1/10 [goblin (3)]
   339 | D:1      | Reached XP level 2. HP: 7/14 MP: 4/4
   539 | D:1      | HP: 1/14 [ooze (4)]
   540 | D:1      | Reached skill level 2 in Unarmed Combat
   589 | D:1      | HP: 1/14 [frilled lizard (2)]
   652 | D:1      | HP: 1/14 [jackal (1)]
  1221 | D:1      | Reached XP level 3. HP: 17/17 MP: 5/5
  1513 | D:1      | Reached skill level 3 in Unarmed Combat
  2147 | D:2      | Slain by an adder

Vanquished Creatures
  An adder (D:1)
  2 oozes
  A worm (D:1)
  4 dart slugs
  A leopard gecko (D:1)
  4 bats
  3 giant cockroaches (D:1)
  2 hobgoblins
  2 jackals (D:1)
  4 kobolds (D:1)
  4 frilled lizards
  7 goblins
35 creatures vanquished.
